 Dungeon Crawl Stone Soup version 0.29-a0-823-gc37b1572da (webtiles) character file.

Game seed: 16320695329966835743

23 zeratav the Stinger (level 2, -8/17 HPs)
             Began as an Octopode Venom Mage on July 8, 2022.
             Splashed by a jelly's acid (9 damage)
             ... on level 1 of the Dungeon.
             The game lasted 00:01:17 (1616 turns).

zeratav the Stinger (Octopode Venom Mage)           Turns: 1616, Time: 00:01:17

Health: -8/17      AC: -3    Str:  7    XL:     2   Next: 95%
Magic:  5/5        EV: 13    Int: 17    God:
Gold:   46         SH:  0    Dex: 12    Spells: 4/5 levels left

rFire   . . .      SeeInvis .   e - +0 mace {mace}
rCold   . . .      Faith    .   (no shield)
rNeg    . . .      Spirit   .   (helmet restricted)
rPois   .          Reflect  .   (no amulet)
rElec   .          Harm     .   (no ring)
rCorr   .          Rampage  .   (no ring)
Will    .....                   (no ring)
Stlth   +++.......              (no ring)
HPRegen 0.05/turn               (no ring)
MPRegen 0.09/turn               (no ring)
                                (no ring)
                                (no ring)

@: corroded
A: almost no armour, amphibious, 8 rings, camouflage 1, gelatinous body 1,
(nimble swimmer 1), tentacles
a: no special abilities


You were on level 1 of the Dungeon.
You visited 1 branch of the dungeon, and saw 1 of its levels.

You collected 46 gold pieces.


Innate Abilities, Weirdness & Mutations

You cannot wear most types of armour.
You are amphibious.
You can wear up to eight rings at the same time.
Your skin changes colour to match your surroundings (Stealth+).
Your rubbery body absorbs attacks. (AC +1, EV +1)
((You are camouflaged when in or above water. (Stealth+)))
You have tentacles for arms and can constrict up to eight enemies at once.


   Skills:
 - Level 2.0 Dodging
 + Level 3.8 Stealth
 - Level 2.0 Spellcasting
 - Level 1.0 Transmutations
 + Level 4.3 Poison Magic


You had 4 spell levels left.
You knew the following spells:

 Your Spells              Type           Power      Damage    Failure   Level
a - Sting                 Tmut/Pois      40%        1d5       6%          1

Your spell library contained the following spells:

 Spells                   Type           Power      Damage    Failure   Level
 Poisonous Vapours        Pois/Air       18%        N/A       12%         2
 Mephitic Cloud           Conj/Pois/Air  6%         N/A       32%         3
 Olgreb's Toxic Radiance  Pois           16%        N/A       32%         4

Inventory:

Hand Weapons
 e - a +0 mace (weapon) {mace}
   (You found it on level 1 of the Dungeon)
Scrolls
 b - 3 scrolls of identify {unknown}
Potions
 a - 2 potions of magic
 d - a potion of brilliance {unknown}

Dungeon Overview and Level Annotations

Branches:
Dungeon (1/15) Zot: 4373

Altars:

#.# #.......#..# ##########
#.###.####...##. .........#
#.†...# ##..... ########.#
###.### #.....# #.# ##.## ##...##
#.# #...# ##.## #.# ##...# ##.#
#######.## ####....######..###
#........# #.@................
#.#####..# #J#.###+#######+###
#.#####..# #.#.#..⌠...>...⌠..#
##.##.##..# #†#.#......<......#
##.#......#####...'⌠B.J.###..(.⌠+
'.................#.......r.....#
##.#...##.#####...#######'#######
##.##..#..# #...#.w.........JJ#
#........## #...#....J........#


You could see a jelly.


Message History

No target in view!
No target in view!
No target in view!
No target in view!
No target in view!
No target in view!
No target in view!
No target in view!
No target in view!
Things that are here:
a +0 club {mace}; a goblin corpse
Found a stone staircase leading down.
You open the door.
There is an open door here.
As you open the door, it creaks loudly!
There is an open door here.
There is an open door here.
Done exploring.
Done exploring.
Okay, then.
You open the door.
The jelly quivers.
The giant cockroach attacks as you move away!
The giant cockroach misses you. The giant cockroach barely misses you.
There is a fountain of clear blue water here.
The giant cockroach attacks as you move away!
The giant cockroach misses you.
The endoplasm quivers.
There is an open door here.
The giant cockroach misses you.
You hit the giant cockroach but do no damage.
You grab the giant cockroach.
You squeeze the giant cockroach, but do no damage.
You constrict the giant cockroach, but do no damage.
The giant cockroach bites you but does no damage.
The giant cockroach barely misses you.
You hit the giant cockroach but do no damage.
You constrict the giant cockroach. The giant cockroach bites you.
HP[-1]
You take 1 damage, and now have 16/17 hp.
You hit the giant cockroach but do no damage.
You constrict the giant cockroach.
You kill the giant cockroach!
The giant cockroach closely misses you.
You closely miss the giant cockroach. You grab the giant cockroach.
You constrict the giant cockroach.
The giant cockroach bites you but does no damage.
The giant cockroach waves its antennae.
HP[+1]
Your hp is fully restored (17).
You hit the giant cockroach.
You kill the giant cockroach!
The giant cockroach misses you.
You barely miss the giant cockroach. You grab the giant cockroach.
You squeeze the giant cockroach.
You kill the giant cockroach!
You barely miss the giant cockroach. You grab the giant cockroach.
You squeeze the giant cockroach, but do no damage.
You constrict the giant cockroach, but do no damage.
The giant cockroach misses you. The giant cockroach bites you.
HP[-1]
You take 1 damage, and now have 16/17 hp.
You hit the giant cockroach but do no damage.
You constrict the giant cockroach, but do no damage.
The giant cockroach bites you. x2
HP[-3]
You take 3 damage, and now have 13/17 hp.
You hit the giant cockroach. You constrict the giant cockroach.
The giant cockroach closely misses you.
You completely miss the giant cockroach.
You squeeze the giant cockroach.
You kill the giant cockroach!
The jelly barely misses you.
You hit the jelly but do no damage. The acid corrodes you!
Your tentacles burn!
The jelly hits you.
You are splashed with acid!
* * * LOW HITPOINT WARNING * * *
You are too injured to fight recklessly!
HP[-11]
You take 11 damage, and now have 2/17 hp.
MASSIVE DAMAGE!! (PAUSE)
You are too injured to fight recklessly!
You are too injured to fight recklessly!
You are too injured to fight recklessly!
You are too injured to fight recklessly!
You are too injured to fight recklessly!
You are too injured to fight recklessly!
You are too injured to fight recklessly!
You are too injured to fight recklessly!
You are too injured to fight recklessly!
You are too injured to fight recklessly!
You are too injured to fight recklessly!
You are too injured to fight recklessly!
You are too injured to fight recklessly!
The jelly attacks as you move away! The jelly closely misses you.
The jelly attacks as you move away! The jelly hits you.
* * * LOW HITPOINT WARNING * * *
You are splashed with acid!
Ouch! That really hurt!
You die...

Skill      XL: |  1 |
---------------+----+-----
Stealth        | 3 |  3.8
Poison Magic   | 4 |  4.3
Dodging        | |  2.0
Spellcasting   | |  2.0
Transmutations | |  1.0

Action                   || total
-------------------------++-------
Melee: Club              ||    22
       Tentacles         ||    11
       Unarmed           ||     2
       Constrict         ||     9
       Mace              ||    12
       Punch             ||     1
 Cast: Sting             ||    14
 Stab: Sleeping          ||     6
Armor: Skin              ||     4
Dodge: Dodged            ||    25

Levels and vault maps discovered:
D:1:      dpeg_arrival_caged_fury, layout_loops_corners

Notes
Turn   | Place    | Note
-------+----------+-------------------------------------------
     0 | D:1      | zeratav the Octopode Venom Mage began the quest for the
                  | Orb.
     0 | D:1      | Reached XP level 1. HP: 11/11 MP: 3/3
     0 | D:1      | magus.rc [v1.9.6]
     0 | D:1      | Noticed a jelly
     1 | D:1      | Found a runed translucent door.
   407 | D:1      | Reached skill level 3 in Stealth
   626 | D:1      | Reached skill level 4 in Poison Magic
   626 | D:1      | Reached XP level 2. HP: 16/17 MP: 5/5
  1613 | D:1      | HP: 2/17 [acid (7)]
  1616 | D:1      | Splashed by a jelly's acid

Vanquished Creatures
  2 bats (D:1)
  4 endoplasms (D:1)
  4 giant cockroaches (D:1)
  2 goblins (D:1)
  A quokka (D:1)
  A ball python (D:1)
  2 kobolds (D:1)
  4 rats (D:1)
20 creatures vanquished.

Table legend:
 A = Non-vault XP
 B = Vault XP
 C = Vault XP percentage of total XP
 D = Non-vault monster count
 E = Vault monster count
 F = Vault count percentage of total count
                 A         B        C        D         E       F
            +---------+---------+-------+---------+---------+-------
      Total |      25 |       8 |  24.2 |      16 |       4 |  20.0
            +---------+---------+-------+---------+---------+-------
        D:1 |      25 |       8 |  24.2 |      16 |       4 |  20.0
            +---------+---------+-------+---------+---------+-------

Illustrated notes

Table legend:
 A = Kills in this place as a percentage of kills in entire the game.
 B = Kills by you in this place as a percentage of kills by you in the entire game.
 C = Kills by friends in this place as a percentage of kills by friends in the entire game.
 D = Other kills in this place as a percentage of other kills in the entire game.
 E = Experience gained in this place as a percentage of experience gained in the entire game.
 F = Experience gained in this place divided by the number of levels of this place that you have seen.
                   A       B       C       D       E      F
               +-------+-------+-------+-------+-------+----------------------
         Total | 100.0 | 100.0 |   N/A |   N/A | 100.0 |  33.0
       Dungeon | 100.0 | 100.0 |   N/A |   N/A | 100.0 |  33.0
               +-------+-------+-------+-------+-------+----------------------

Table legend: (Time is in decaauts)
 A = Elapsed time spent in this place.
 B = Non-inter-level travel time spent in this place.
 C = Inter-level travel time spent in this place.
 D = Time resting spent in this place.
 E = Time spent auto-exploring this place.
 F = Levels seen in this place.
 G = Mean time per level.
                   A        B        C        D        E       F      G
               +--------+--------+--------+--------+--------+-----+--------+
         Total |   1626 |   1626 |      0 |    172 |   1315 |   1 | 1626.0 |
       Dungeon |   1626 |   1626 |      0 |    172 |   1315 |   1 | 1626.0 |
               +--------+--------+--------+--------+--------+-----+--------+

Top non-repeatable levels by time:
     D:1: 1626 daAuts
